3297 views
Uploaded 2020-03-18 21:07:18
Game version 1.32.3
8:23 long 4on4 ladder game on (8)Deadlock_LV
Saved by BEARAND
3297 views
Uploaded 2020-03-18 21:07:18
Game version 1.32.3
8:23 long 4on4 ladder game on (8)Deadlock_LV


64 units @ 4.2k
/ 0k
101 buildings @ 9.1k
/ 4.3k


| Boots of Speed | 1 | 250 |
| Staff of Teleportation | 1 | 150 |
| total: | 2 | 400g |
| Wisp | 17 | 1020 | / | 0 |
| total: | 17 | 1020g | / | 0w |
| Altar of Elders | 1 | 180 | / | 50 |
| Moon Well | 6 | 1080 | / | 240 |
| Tree of Life | 3 | 1020 | / | 555 |
| Tree of Ages | 1 | 320 | / | 180 |
| total: | 10 | 2280g | / | 845w |
| 0:01 | Wisp |
| 0:05 | Altar of Elders |
| 0:12 | Wisp |
| 0:19 | Moon Well |
| 0:20 | Wisp |
| 0:30 | Wisp |
| 0:40 | Wisp |
| 0:56 | Wisp |
| 1:16 | Moon Well |
| 1:31 | Wisp |
| 1:31 | Wisp |
| 1:37 | Wisp |
| 1:49 | Wisp |
| 1:53 | Wisp |
| 2:08 | Shadow Strike |
| 2:11 | Wisp |
| 2:41 | Moon Well |
| 2:57 | Wisp |
| 3:13 | Wisp |
| 3:17 | Moon Well |
| 3:27 | Wisp |
| 3:38 | Wisp |
| 3:51 | Wisp |
| 4:13 | Blink |
| 4:22 | Moon Well |
| 4:39 | Tree of Ages |
| 5:00 | Moon Well |
| 6:19 | Tree of Life |
| 6:40 | Tree of Life |
| 7:19 | Breath of Fire |
| 7:37 | Boots of Speed |
| 7:38 | Staff of Teleportation |
| 8:19 | Tree of Life |
| Right click | 402 |
| Assign group | 305 |
| Select group | 176 |
| Select | 79 |
| Resource trade | 62 |
| Build/train/purchase | 26 |
| Use ability | 18 |
| Chat | 16 |
| Item give/drop | 4 |
| Misc. action | 1 |


| Wisp | 22 | 1320 | / | 0 |
| total: | 22 | 1320g | / | 0w |
| Altar of Elders | 1 | 180 | / | 50 |
| Moon Well | 3 | 540 | / | 120 |
| Tree of Life | 1 | 340 | / | 185 |
| Ancient of Wonders | 1 | 90 | / | 30 |
| Tree of Ages | 1 | 320 | / | 180 |
| Tree of Eternity | 1 | 330 | / | 200 |
| total: | 6 | 1150g | / | 385w |
| 0:00 | Wisp |
| 0:04 | Altar of Elders |
| 0:10 | Wisp |
| 0:16 | Moon Well |
| 0:17 | Wisp |
| 0:29 | Wisp |
| 0:44 | Moon Well |
| 0:46 | Wisp |
| 1:01 | Wisp |
| 1:13 | Wisp |
| 1:29 | Wisp |
| 1:42 | Wisp |
| 1:44 | Wisp |
| 2:15 | Wisp |
| 2:21 | Wisp |
| 2:35 | Force of Nature |
| 2:45 | Wisp |
| 2:46 | Wisp |
| 2:59 | Wisp |
| 3:16 | Tree of Life |
| 3:55 | Wisp |
| 3:56 | Wisp |
| 4:35 | Tree of Ages |
| 5:17 | Moon Well |
| 5:51 | Entangling Roots |
| 6:39 | Ancient of Wonders |
| 6:57 | Wisp |
| 6:57 | Wisp |
| 6:57 | Wisp |
| 6:57 | Wisp |
| 6:58 | Wisp |
| 7:18 | Tree of Eternity |
| 7:33 | Soul Burn |
| Right click | 429 |
| Select | 180 |
| Select group | 70 |
| Resource trade | 41 |
| Build/train/purchase | 32 |
| Assign group | 31 |
| Use ability | 16 |
| Minimap ping | 8 |
| Misc. action | 5 |


| Healing Salve | 1 | 100 |
| Lesser Clarity Potion | 2 | 140 |
| Boots of Speed | 1 | 250 |
| Staff of Teleportation | 1 | 150 |
| Circlet of Nobility | 1 | 175 |
| total: | 6 | 815g |
| Peon | 10 | 750 | / | 0 |
| total: | 10 | 750g | / | 0w |
| Watch Tower | 12 | 1320 | / | 960 |
| Altar of Storms | 1 | 180 | / | 50 |
| Orc Burrow | 4 | 640 | / | 160 |
| War Mill | 1 | 205 | / | 0 |
| Voodoo Lounge | 1 | 130 | / | 30 |
| Beastiary | 2 | 290 | / | 280 |
| Stronghold | 2 | 630 | / | 380 |
| Fortress | 1 | 325 | / | 190 |
| total: | 21 | 2765g | / | 1480w |
| 0:04 | Peon |
| 0:04 | Peon |
| 0:08 | Altar of Storms |
| 0:13 | Orc Burrow |
| 0:33 | Peon |
| 0:41 | War Mill |
| 0:49 | Peon |
| 1:13 | Peon |
| 1:14 | Peon |
| 1:22 | Voodoo Lounge |
| 1:37 | Peon |
| 1:38 | Peon |
| 2:06 | Watch Tower |
| 2:18 | War Stomp |
| 2:24 | Peon |
| 2:25 | Peon |
| 2:27 | Orc Burrow |
| 2:31 | Watch Tower |
| 2:40 | Spiked Barricades |
| 3:04 | Healing Salve |
| 3:04 | Lesser Clarity Potion |
| 3:07 | Stronghold |
| 3:22 | Watch Tower |
| 3:37 | Watch Tower |
| 4:09 | Boots of Speed |
| 4:09 | Staff of Teleportation |
| 4:11 | Circlet of Nobility |
| 4:26 | Watch Tower |
| 4:46 | Watch Tower |
| 5:19 | Endurance Aura |
| 5:32 | Watch Tower |
| 6:03 | Watch Tower |
| 6:32 | Hex |
| 6:43 | Watch Tower |
| 6:48 | Fortress |
| 6:54 | Beastiary |
| 6:55 | Beastiary |
| 6:58 | Orc Burrow |
| 6:59 | Orc Burrow |
| 7:03 | Reinforced Defenses |
| 7:05 | Lesser Clarity Potion |
| 7:13 | Watch Tower |
| 7:42 | War Stomp |
| 7:55 | Watch Tower |
| 8:19 | Watch Tower |
| Right click | 328 |
| Select group | 195 |
| Select | 77 |
| Build/train/purchase | 50 |
| Chat | 25 |
| Use ability | 12 |
| Misc. action | 6 |
| Assign group | 5 |
| Item give/drop | 3 |
| Minimap ping | 3 |
| Esc | 2 |

| Staff of Teleportation | 1 | 150 |
| Boots of Speed | 1 | 250 |
| total: | 2 | 400g |
| Peasant | 15 | 1125 | / | 0 |
| total: | 15 | 1125g | / | 0w |
| Scout Tower | 55 | 1650 | / | 1100 |
| Arcane Tower | 6 | 420 | / | 300 |
| Guard Tower | 46 | 3220 | / | 2300 |
| Altar of Kings | 1 | 180 | / | 50 |
| Farm | 4 | 320 | / | 80 |
| Lumber Mill | 1 | 120 | / | 0 |
| Arcane Vault | 1 | 130 | / | 30 |
| Town Hall | 1 | 385 | / | 205 |
| Arcane Sanctum | 1 | 150 | / | 140 |
| Keep | 1 | 320 | / | 210 |
| total: | 64 | 2935g | / | 1605w |
| 0:01 | Peasant |
| 0:01 | Peasant |
| 0:10 | Altar of Kings |
| 0:17 | Farm |
| 0:26 | Lumber Mill |
| 0:30 | Peasant |
| 0:30 | Peasant |
| 0:41 | Peasant |
| 0:43 | Scout Tower |
| 0:51 | Peasant |
| 0:53 | Peasant |
| 1:19 | Peasant |
| 1:32 | Scout Tower |
| 1:32 | Scout Tower |
| 1:33 | Scout Tower |
| 1:36 | Scout Tower |
| 1:39 | Scout Tower |
| 1:42 | Peasant |
| 1:42 | Peasant |
| 1:45 | Farm |
| 1:46 | Arcane Tower |
| 1:49 | Scout Tower |
| 1:49 | Peasant |
| 2:00 | Scout Tower |
| 2:01 | Scout Tower |
| 2:03 | Arcane Tower |
| 2:13 | Blizzard |
| 2:16 | Scout Tower |
| 2:18 | Guard Tower |
| 2:19 | Scout Tower |
| 2:20 | Scout Tower |
| 2:21 | Guard Tower |
| 2:23 | Scout Tower |
| 2:23 | Scout Tower |
| 2:25 | Scout Tower |
| 2:25 | Scout Tower |
| 2:27 | Guard Tower |
| 2:29 | Peasant |
| 2:50 | Guard Tower |
| 2:52 | Scout Tower |
| 2:52 | Guard Tower |
| 2:59 | Guard Tower |
| 3:00 | Scout Tower |
| 3:01 | Guard Tower |
| 3:02 | Peasant |
| 3:10 | Peasant |
| 3:11 | Peasant |
| 3:15 | Scout Tower |
| 3:25 | Guard Tower |
| 3:26 | Scout Tower |
| 3:26 | Scout Tower |
| 3:27 | Guard Tower |
| 3:28 | Scout Tower |
| 3:29 | Scout Tower |
| 3:30 | Guard Tower |
| 3:31 | Scout Tower |
| 3:31 | Scout Tower |
| 3:32 | Scout Tower |
| 3:39 | Keep |
| 3:40 | Improved Masonry |
| 3:47 | Staff of Teleportation |
| 4:00 | Boots of Speed |
| 4:08 | Scout Tower |
| 4:09 | Scout Tower |
| 4:13 | Farm |
| 4:14 | Farm |
| 4:20 | Guard Tower |
| 4:43 | Guard Tower |
| 4:44 | Guard Tower |
| 4:46 | Scout Tower |
| 4:46 | Scout Tower |
| 4:47 | Guard Tower |
| 4:48 | Guard Tower |
| 5:03 | Guard Tower |
| 5:05 | Scout Tower |
| 5:05 | Scout Tower |
| 5:05 | Scout Tower |
| 5:26 | Guard Tower |
| 5:30 | Guard Tower |
| 5:31 | Scout Tower |
| 5:32 | Scout Tower |
| 5:32 | Scout Tower |
| 5:44 | Guard Tower |
| 5:45 | Scout Tower |
| 5:47 | Scout Tower |
| 6:46 | Guard Tower |
| 6:48 | Brilliance Aura |
| 7:03 | Scout Tower |
| 7:05 | Scout Tower |
| 7:06 | Scout Tower |
| 7:07 | Scout Tower |
| 7:07 | Scout Tower |
| 7:07 | Scout Tower |
| 7:12 | Guard Tower |
| 7:13 | Scout Tower |
| 7:14 | Scout Tower |
| 7:16 | Arcane Tower |
| 7:17 | Guard Tower |
| 7:17 | Guard Tower |
| 7:29 | Arcane Sanctum |
| 7:31 | Arcane Vault |
| 7:49 | Scout Tower |
| 7:50 | Scout Tower |
| 7:51 | Scout Tower |
| 8:03 | Town Hall |
| 8:15 | Scout Tower |
| 8:16 | Scout Tower |
| 8:16 | Scout Tower |
| 8:16 | Scout Tower |
| 8:17 | Scout Tower |
| 8:17 | Scout Tower |
| 8:18 | Guard Tower |
| 8:19 | Arcane Tower |
| Right click | 573 |
| Select | 201 |
| Select group | 157 |
| Build/train/purchase | 97 |
| Misc. action | 16 |
| Chat | 13 |
| Assign group | 8 |
| Use ability | 5 |
| Remove unit | 4 |
| Minimap ping | 3 |
/ 0.5k
43 buildings @ 7.5k
/ 2.8k

| Wisp | 14 | 840 | / | 0 |
| Archer | 9 | 1170 | / | 90 |
| Huntress | 2 | 390 | / | 40 |
| total: | 25 | 2400g | / | 130w |
| Altar of Elders | 1 | 180 | / | 50 |
| Moon Well | 5 | 900 | / | 200 |
| Ancient of War | 2 | 300 | / | 120 |
| Hunter's Hall | 1 | 210 | / | 100 |
| Ancient of Wonders | 1 | 90 | / | 30 |
| Tree of Ages | 1 | 320 | / | 180 |
| total: | 10 | 1680g | / | 500w |
| 0:08 | Wisp |
| 0:08 | Wisp |
| 0:08 | Wisp |
| 0:08 | Wisp |
| 0:09 | Wisp |
| 0:27 | Altar of Elders |
| 0:45 | Moon Well |
| 1:00 | Ancient of War |
| 1:05 | Wisp |
| 1:05 | Wisp |
| 1:05 | Wisp |
| 1:07 | Wisp |
| 1:51 | Moon Well |
| 2:07 | Archer |
| 2:07 | Archer |
| 2:07 | Archer |
| 2:07 | Archer |
| 2:12 | Wisp |
| 2:28 | Moon Well |
| 2:59 | Immolation |
| 3:10 | Ancient of War |
| 3:40 | Hunter's Hall |
| 4:15 | Moon Well |
| 4:32 | Wisp |
| 4:32 | Wisp |
| 4:37 | Archer |
| 4:37 | Archer |
| 4:38 | Archer |
| 4:57 | Strength of the Moon |
| 5:27 | Moon Armor |
| 5:31 | Ancient of Wonders |
| 5:33 | Wisp |
| 5:33 | Wisp |
| 5:49 | Huntress |
| 5:53 | Sentinel |
| 6:14 | Evasion |
| 6:25 | Tree of Ages |
| 6:54 | Strength of the Wild |
| 6:55 | Reinforced Hides |
| 7:11 | Huntress |
| 7:54 | Archer |
| 7:54 | Archer |
| 7:59 | Moon Well |
| Select | 91 |
| Right click | 66 |
| Build/train/purchase | 35 |
| Remove unit | 4 |
| Use ability | 2 |

| Peon | 8 | 600 | / | 0 |
| Grunt | 6 | 1200 | / | 0 |
| Troll Headhunter | 5 | 700 | / | 100 |
| total: | 19 | 2500g | / | 100w |
| Altar of Storms | 1 | 180 | / | 50 |
| Orc Burrow | 6 | 960 | / | 240 |
| Barracks | 1 | 180 | / | 50 |
| War Mill | 1 | 205 | / | 0 |
| Great Hall | 1 | 385 | / | 185 |
| Stronghold | 1 | 315 | / | 190 |
| total: | 10 | 1910g | / | 525w |
| 0:07 | Peon |
| 0:07 | Peon |
| 0:07 | Peon |
| 0:12 | Altar of Storms |
| 0:39 | Orc Burrow |
| 0:42 | Barracks |
| 0:47 | Peon |
| 0:58 | Peon |
| 1:11 | Peon |
| 1:42 | Orc Burrow |
| 1:47 | Grunt |
| 2:13 | War Mill |
| 2:16 | Peon |
| 2:16 | Peon |
| 2:32 | Feral Spirit |
| 2:48 | Pillage |
| 2:49 | Grunt |
| 3:27 | Troll Headhunter |
| 3:28 | Troll Headhunter |
| 3:47 | Steel Melee Weapons |
| 3:49 | Grunt |
| 3:53 | Steel Ranged Weapons |
| 4:27 | Troll Headhunter |
| 4:27 | Grunt |
| 4:32 | Steel Armor |
| 4:35 | Troll Headhunter |
| 4:36 | Troll Headhunter |
| 5:05 | Chain Lighting |
| 5:49 | Orc Burrow |
| 5:50 | Spiked Barricades |
| 5:58 | Great Hall |
| 6:13 | Orc Burrow |
| 6:17 | Stronghold |
| 7:13 | Orc Burrow |
| 7:44 | Grunt |
| 7:44 | Grunt |
| 7:55 | Orc Burrow |
| Select | 109 |
| Right click | 96 |
| Select group | 51 |
| Build/train/purchase | 32 |
| Assign group | 9 |
| Use ability | 2 |
| Remove unit | 2 |

| Wisp | 9 | 540 | / | 0 |
| Huntress | 7 | 1365 | / | 140 |
| total: | 16 | 1905g | / | 140w |
| Ancient Protector | 2 | 270 | / | 160 |
| Altar of Elders | 1 | 180 | / | 50 |
| Moon Well | 4 | 720 | / | 160 |
| Hunter's Hall | 1 | 210 | / | 100 |
| Ancient of War | 1 | 150 | / | 60 |
| Ancient of Wonders | 1 | 90 | / | 30 |
| Ancient of Lore | 2 | 310 | / | 290 |
| Tree of Ages | 1 | 320 | / | 180 |
| Tree of Eternity | 1 | 330 | / | 200 |
| total: | 12 | 1930g | / | 850w |
| 0:08 | Wisp |
| 0:08 | Wisp |
| 0:24 | Altar of Elders |
| 0:30 | Wisp |
| 0:32 | Wisp |
| 0:39 | Moon Well |
| 0:57 | Hunter's Hall |
| 1:06 | Wisp |
| 1:35 | Ancient of War |
| 1:41 | Wisp |
| 1:46 | Wisp |
| 1:46 | Wisp |
| 2:14 | Moon Well |
| 2:33 | Mana Burn |
| 2:38 | Huntress |
| 2:52 | Huntress |
| 3:19 | Huntress |
| 3:22 | Moon Well |
| 3:26 | Wisp |
| 3:41 | Ancient Protector |
| 3:58 | Huntress |
| 4:44 | Tree of Ages |
| 4:47 | Huntress |
| 5:09 | Ancient Protector |
| 5:39 | Immolation |
| 5:59 | Huntress |
| 6:00 | Huntress |
| 6:13 | Moon Well |
| 6:20 | Ancient of Wonders |
| 7:06 | Tree of Eternity |
| 7:15 | Ancient of Lore |
| 7:27 | Ancient of Lore |
| Right click | 108 |
| Select | 78 |
| Build/train/purchase | 23 |
| Chat | 17 |
| Select group | 8 |
| Assign group | 6 |
| Use ability | 2 |


| Wisp | 26 | 1560 | / | 0 |
| Huntress | 5 | 975 | / | 100 |
| Dryad | 1 | 145 | / | 60 |
| total: | 32 | 2680g | / | 160w |
| Altar of Elders | 1 | 180 | / | 50 |
| Moon Well | 4 | 720 | / | 160 |
| Ancient of War | 1 | 150 | / | 60 |
| Hunter's Hall | 1 | 210 | / | 100 |
| Tree of Life | 1 | 340 | / | 185 |
| Ancient of Wonders | 1 | 90 | / | 30 |
| Ancient of Lore | 2 | 310 | / | 290 |
| Tree of Ages | 3 | 960 | / | 540 |
| total: | 11 | 2000g | / | 875w |
| 0:10 | Wisp |
| 0:10 | Wisp |
| 0:10 | Wisp |
| 0:15 | Altar of Elders |
| 0:27 | Moon Well |
| 0:28 | Wisp |
| 0:28 | Wisp |
| 0:40 | Wisp |
| 0:40 | Wisp |
| 0:40 | Wisp |
| 0:44 | Wisp |
| 0:44 | Wisp |
| 0:45 | Wisp |
| 1:05 | Wisp |
| 1:05 | Wisp |
| 1:05 | Wisp |
| 1:05 | Wisp |
| 1:05 | Wisp |
| 1:40 | Ancient of War |
| 1:50 | Hunter's Hall |
| 2:06 | Moon Well |
| 2:15 | Entangling Roots |
| 2:21 | Moon Well |
| 2:27 | Wisp |
| 2:27 | Wisp |
| 2:28 | Wisp |
| 2:58 | Tree of Life |
| 3:14 | Huntress |
| 3:40 | Tree of Ages |
| 3:40 | Tree of Ages |
| 4:05 | Huntress |
| 4:21 | Moon Well |
| 4:40 | Huntress |
| 5:09 | Huntress |
| 5:11 | Ultravision |
| 5:18 | Ancient of Wonders |
| 5:55 | Thorns Aura |
| 6:16 | Ancient of Lore |
| 6:17 | Ancient of Lore |
| 6:44 | Wisp |
| 6:44 | Wisp |
| 6:44 | Wisp |
| 6:44 | Wisp |
| 6:45 | Wisp |
| 7:12 | Frost Arrows |
| 7:18 | Wisp |
| 7:18 | Wisp |
| 7:22 | Huntress |
| 7:33 | Dryad |
| 7:33 | Abolish Magic |
| Right click | 823 |
| Select group | 498 |
| Select | 181 |
| Build/train/purchase | 56 |
| Assign group | 18 |
| Use ability | 12 |
| Misc. action | 11 |
| Esc | 5 |
⇛